 Dungeon Crawl Stone Soup version 0.26.0-16-gc1dbca0489 (webtiles) character file.

Game seed: 11690060961357470583

30132 BOMJPIETVODKU the Transmogrifier (level 13, 0/99 HPs)
             Began as a Grey Draconian Transmuter on Jan 19, 2021.
             Was a High Priest of Qazlal.
             Slain by an ogre
             ... wielding a +0 giant club
              (11 damage)
             ... on level 1 of the Orcish Mines.
             The game lasted 01:28:27 (19644 turns).

BOMJPIETVODKU the Transmogrifier (DrTm)            Turns: 19644, Time: 01:28:28

Health: 0/99       AC: 19    Str: 17    XL:     13   Next: 18%
Magic:  26/26      EV: 16    Int: 17    God:    Qazlal [*****.]
Gold:   628        SH:  7    Dex: 18    Spells: 16/30 levels left

rFire    . . .     SeeInvis .   j - +5 demon trident (venom)
rCold    . . .     Faith    .   (no shield)
rNeg     . . .     Spirit   .   (armour unavailable)
rPois    .         Reflect  .   (helmet restricted)
rElec    .         Harm     .   d - +1 cloak
rCorr    +         Rampage  .   u - +0 pair of gloves of the Mind {rCorr Str+3}
Will     .....                  (no boots)
Stlth    +.........             I - amulet of the acrobat
HPRegen  0.26/turn              M - +6 ring of dexterity
MPRegen  0.20/turn              x - ring of wizardry

@: about to teleport, protected from physical damage, repel missiles
A: walk through water, unfitting armour, frail 1, unbreathing, cold-blooded,
subdued magic 1, AC +13
a: Renounce Religion, Upheaval, Elemental Force, Disaster Area


You were on level 1 of the Orcish Mines.
You worshipped Qazlal.
Qazlal was extremely pleased with you.
You visited 3 branches of the dungeon, and saw 16 of its levels.
You also visited: Ossuary and Volcano.

You collected 1427 gold pieces.
You spent 799 gold pieces at shops.

Inventory:

Hand Weapons
 j - a +5 demon trident of venom (weapon)
 N - a +6 trident
Armour
 d - a +1 cloak (worn)
 m - a +0 kite shield
 u - the +0 pair of gloves of the Mind (worn) {rCorr Str+3}
   (You found it in a volcano)

   It affects your strength (+3).
   It provides partial protection from all sources of acid and corrosion.
 E - a +1 pair of gloves
Jewellery
 i - an uncursed ring of protection from cold
 x - a ring of wizardry (right hand)
 H - an uncursed ring of positive energy
 I - an amulet of the acrobat (around neck)
 M - a +6 ring of dexterity (left hand)
Wands
 n - a wand of random effects (23)
 p - a wand of acid (8)
 q - a wand of iceblast (9)
 v - a wand of digging (6)
 C - a wand of paralysis (2)
 D - a wand of disintegration (17)
 G - a wand of flame (19)
 J - a wand of polymorph (9)
Scrolls
 a - 5 scrolls of teleportation
 c - 6 scrolls of identify
 e - 2 scrolls of blinking
 f - 3 scrolls of fear
 g - 8 scrolls of remove curse
 l - 3 scrolls of enchant armour
 y - 6 scrolls of enchant weapon
 A - a scroll of fog
 F - 2 scrolls of magic mapping
 L - 2 scrolls of random uselessness {unknown}
Potions
 h - 9 potions of curing
 k - 2 potions of flight
 o - 4 potions of resistance
 r - 2 potions of mutation
 s - 2 potions of attraction
 t - 5 potions of brilliance
 B - 3 potions of might {unknown}
Miscellaneous
 K - a lightning rod (4/4)


   Skills:
 * Level 8.8 Fighting
 * Level 4.4 Polearms
 - Level 5.7 Dodging
 - Level 0.4 Stealth
 * Level 6.0 Shields
 - Level 9.2 Unarmed Combat
 * Level 9.4 Spellcasting
 * Level 9.6 Transmutations
 * Level 8.2 Earth Magic
 * Level 8.1 Invocations
 - Level 0.5 Evocations


You had 16 spell levels left.
You knew the following spells:

 Your Spells              Type           Power        Failure   Level
a - Beastly Appendage     Tmut           62%          1%          1
b - Wereblood             Tmut           31%          1%          2
c - Blade Hands           Tmut           15%          1%          5
d - Statue Form           Tmut/Erth      19%          12%         6

Your spell library contained the following spells:

 Spells                   Type           Power        Failure   Level
 Spider Form              Tmut/Pois      9%           1%          3
 Petrify                  Tmut/Erth      29%          1%          4
 Magic Dart               Conj           24%          2%          1
 Blink                    Tloc           N/A          4%          2
 Call Imp                 Summ           6%           4%          2
 Slow                     Hex            6%           4%          2
 Ice Form                 Ice/Tmut       18%          4%          4
 Confusing Touch          Hex            6%           9%          3
 Conjure Flame            Conj/Fire      6%           9%          3
 Gell's Gravitas          Tloc           3%           9%          3
 Mephitic Cloud           Conj/Pois/Air  6%           9%          3
 Hydra Form               Tmut           15%          9%          6
 Irradiate                Conj/Tmut      9%           12%         5
 Yara's Violent Unravell  Hex/Tmut       9%           12%         5
 Cause Fear               Hex            3%           30%         4
 Dragon Form              Tmut           15%          45%         7
 Metabolic Englaciation   Hex/Ice        3%           63%         5
 Silence                  Hex/Air        3%           63%         5
 Discord                  Hex            3%           100%        8


Dungeon Overview and Level Annotations

Branches:
Dungeon (13/15)            Temple (1/1) D:4            Lair (0/6) D:9
    Orc (2/2) D:10        Ossuary (visited)         Volcano (visited)
    Elf: Orc:2       Vaults: D:13-14

Altars:
Ashenzari
Cheibriados
Gozag
Kikubaaqudgha
Makhleb
Okawaru
Qazlal
Trog
Xom
Yredelemnul
Zin

Shops:
D:12 ?

Annotations:
Orc:2 Urug


Innate Abilities, Weirdness & Mutations

You can walk through water.
Your dull iron-grey scales are very hard. (AC +13)
You cannot fit into any form of body armour.
You can survive without breathing.
You are cold-blooded and may be slowed by cold attacks.
You are frail. (-10% HP)
Your spells are a little easier to cast, but a little less powerful.


Message History

Qazlal accepts your kill. The orc priest misses you.
The orc warrior is engulfed in blazing flames.
You block the orange demon's attack. The orc sorcerer completely misses you.
You climb upwards.
The orange demon disappears in a puff of smoke!
The neqoxec disappears in a puff of smoke!
The iron imp disappears in a puff of smoke!
There is a stone staircase leading down, spattered with blood here.
Things that are here:
a +0 robe; a +0 dagger
As you read the scroll of teleportation, it crumbles to dust.
You feel strangely unstable.
You kill the orc warrior!
Qazlal accepts your kill. You block the ogre's attack.
The orc priest hits you but does no damage.
You block the orc sorcerer's attack.
You feel better. The ogre hits you with a +0 giant club!
You die...

##############
####)#o.......#.##
##.#..°@o☼........##
#....°[)O§.......#.##
#...#°...§..........###
##...#.........#...##.##
##.#.###........[#..#...#
#...## ##......)#....#..#
##..#####............#...
#....##.##..............#
##...#..........)......##


You could see an orc sorcerer, an ogre and an orc priest.

Vanquished Creatures
  2 orc warlords (Orc:1)
  An ettin (Orc:1)
  A centaur warrior (Volcano)
  2 two-headed ogres (D:10)
  3 death yaks (D:9)
  A hell knight (Volcano)
  An unseen horror (D:9)
  A deep elf mage (D:12)
  4 orc sorcerers
  3 cyclopes
  2 manticores (D:12)
  3 ugly things
  3 centaur skeletons
  Maggie (D:10)
  2 kobold demonologists (D:10)
  2 yaktaurs (Volcano)
  A komodo dragon (D:12)
  The ghost of rossy the Chucker, an amateur TrHu (D:4)
  5 trolls
  A raiju (shapeshifter) (D:13)
  4 yaks (D:11)
  3 wyverns
  9 fire bats (Volcano)
  A wraith (D:13)
  Menkaure (D:4)
  4 wargs
  A soldier ant (D:13)
  A water moccasin (D:8)
  3 ice beasts
  22 orc warriors
  2 black bears (D:7)
  A necrophage (D:8)
  3 sky beasts
  A hornet zombie (D:11)
  An eye of draining (D:13)
  14 ogres
  4 centaurs
  3 phantoms
  A wolf (D:12)
  5 big kobolds
  7 bullfrogs
  2 gnoll sergeants
  2 scorpions
  A wyvern skeleton (D:11)
  3 wights (D:11)
  7 killer bees
  2 electric eels (D:12)
  8 howler monkeys
  2 centaur zombies
  7 lava snakes (Volcano)
  14 hounds
  13 orc priests
  3 jellies
  A human zombie (D:5)
  3 bullfrog skeletons
  2 hell rats (D:9)
  4 human skeletons (D:5)
  3 iguanas
  5 worker ants
  25 orc wizards
  A killer bee zombie (D:7)
  6 big kobold zombies (Ossuary)
  A bullfrog simulacrum (D:12)
  2 hound zombies
  A mummy (Ossuary)
  A worker ant zombie (D:11)
  A hound skeleton (D:4)
  17 adders
  2 river rats (D:9)
  9 gnolls
  2 shadow imps
  4 white imps
  5 ufetubi
  4 oozes
  4 adder skeletons
  2 adder zombies (D:8)
  6 worms
  2 dart slugs
  3 leopard geckos
  56 orcs
  3 spectral bats (Ossuary)
  8 bats
  3 giant cockroaches
  6 gnoll zombies (Ossuary)
  6 goblins
  9 hobgoblins
  4 jackals
  16 kobolds
  11 quokkas
  A ball python zombie (D:3)
  3 bat simulacra (Ossuary)
  4 frilled lizards
  2 goblin simulacra (Ossuary)
  4 goblin zombies (Ossuary)
  8 hobgoblin zombies (Ossuary)
  4 kobold simulacra (Ossuary)
  2 kobold zombies (Ossuary)
  3 leopard gecko skeletons
  5 orc zombies
  3 quokka skeletons
  13 rats
  4 rat simulacra (Ossuary)
  5 spectral goblins (Ossuary)
  4 spectral kobolds (Ossuary)
  2 spectral rats (Ossuary)
500 creatures vanquished.

Vanquished Creatures (collateral kills)
  An orc warrior (Orc:2)
  An orc priest (Orc:2)
  A hell rat (D:9)
3 creatures vanquished.

Vanquished Creatures (others)
  An orc sorcerer (Orc:2)
  14 withered plants
15 creatures vanquished.

Grand Total: 518 creatures vanquished

Notes
Turn   | Place    | Note
-------+----------+-------------------------------------------
     0 | D:1      | BOMJPIETVODKU the Draconian Transmuter began the quest for
                  | the Orb.
     0 | D:1      | Reached XP level 1. HP: 16/16 MP: 3/3
   282 | D:1      | Reached XP level 2. HP: 23/23 MP: 3/5
   463 | D:1      | Reached XP level 3. HP: 20/28 MP: 4/6
   470 | D:1      | Learned a level 2 spell: Wereblood
  1368 | D:2      | Reached XP level 4. HP: 36/36 MP: 4/7
  1754 | D:2      | Found an ancient bone altar of Kikubaaqudgha.
  1759 | D:2      | Found an opulent altar of Gozag.
  2170 | D:2      | Found a glowing silver altar of Zin.
  2817 | D:3      | Reached XP level 5. HP: 41/41 MP: 8/8
  3270 | D:3      | Noticed a moth of wrath
  3273 | D:3      | Found a bloodstained altar of Trog.
  4053 | D:3      | Found a bloodstained altar of Trog.
  4055 | D:3      | Found a broken altar of Ashenzari.
  4062 | D:3      | Found a stormy altar of Qazlal.
  4071 | D:3      | Found a snail-covered altar of Cheibriados.
  4073 | D:3      | Found a basalt altar of Yredelemnul.
  4086 | D:3      | Became a worshipper of Qazlal Stormbringer
  4322 | D:4      | Reached XP level 6. HP: 36/50 MP: 10/10
  4430 | D:4      | Found a staircase to the Ecumenical Temple.
  4448 | D:4      | Found a runed translucent door.
  4467 | D:4      | Reached skill level 5 in Unarmed Combat
  4509 | D:4      | Reached skill level 1 in Invocations
  4571 | D:4      | Noticed rossy's ghost (amateur TrHu)
  5263 | D:4      | Noticed Menkaure
  5274 | D:4      | Your scales start taking on a dull iron-grey colour.
  5274 | D:4      | Reached XP level 7. HP: 16/57 MP: 9/11
  5274 | D:4      | Gained mutation: You can survive without breathing. [Grey
                  | Draconian growth]
  5290 | Temple   | Entered the Ecumenical Temple
  5496 | D:4      | Killed Menkaure
  5579 | D:4      | Found an iron altar of Okawaru.
  5787 | D:4      | Killed rossy's ghost
  6067 | D:5      | Entered Level 5 of the Dungeon
  6138 | D:5      | Found a sand-covered staircase.
  6199 | Ossuary  | Entered an ossuary
  6285 | Ossuary  | Reached * piety under Qazlal
  6326 | Ossuary  | Reached XP level 8. HP: 66/66 MP: 13/13
  6676 | Ossuary  | Reached ** piety under Qazlal
  7108 | D:5      | Found an ancient bone altar of Kikubaaqudgha.
  7917 | D:6      | Found a shimmering altar of Xom.
  8292 | D:6      | Found a burning altar of Makhleb.
  8350 | D:6      | Reached skill level 5 in Fighting
  8750 | D:7      | Reached *** piety under Qazlal
  8751 | D:7      | Reached XP level 9. HP: 48/74 MP: 15/15
  9002 | D:7      | Learned a level 5 spell: Blade Hands
  9460 | D:7      | Reached skill level 1 in Shields
 10102 | D:8      | Reached skill level 5 in Transmutations
 10104 | D:8      | Noticed a green ugly thing
 10175 | D:8      | Reached skill level 5 in Spellcasting
 10502 | D:7      | Killed a green ugly thing
 10503 | D:7      | Reached skill level 1 in Earth Magic
 11107 | D:8      | Reached **** piety under Qazlal
 11145 | D:8      | Reached XP level 10. HP: 83/83 MP: 12/18
 11886 | D:9      | Reached skill level 5 in Invocations
 12188 | D:9      | Noticed a death yak
 12188 | D:9      | Noticed a death yak
 12188 | D:9      | Noticed a death yak
 12253 | D:9      | Killed a death yak
 12254 | D:9      | Reached skill level 5 in Dodging
 12464 | D:9      | Killed a death yak
 12475 | D:9      | Killed a death yak
 12481 | D:9      | Found a staircase to the Lair.
 13373 | D:10     | Entered Level 10 of the Dungeon
 13399 | D:10     | Noticed a sixfirhy
 13533 | D:10     | Learned a level 6 spell: Statue Form
 13596 | D:10     | Noticed Maggie
 13605 | D:10     | Killed Maggie
 13606 | D:10     | Reached XP level 11. HP: 32/92 MP: 11/21
 13615 | D:9      | Killed an unseen horror
 14319 | D:10     | Found a staircase to the Orcish Mines.
 14358 | D:10     | Noticed a two-headed ogre
 14365 | D:10     | Killed a two-headed ogre
 14560 | D:10     | Noticed a two-headed ogre
 14567 | D:10     | Killed a two-headed ogre
 15050 | D:11     | Gained mutation: Your spells are a little easier to cast,
                  | but a little less powerful. [mutagenic glow]
 15096 | D:11     | Reached skill level 5 in Earth Magic
 15142 | D:11     | Reached skill level 1 in Polearms
 15732 | D:12     | Reached ***** piety under Qazlal
 15998 | D:12     | Noticed a green ugly thing
 16005 | D:12     | Killed a green ugly thing
 16209 | D:12     | Noticed a red ugly thing
 16216 | D:12     | Killed a red ugly thing
 16217 | D:12     | Reached XP level 12. HP: 101/101 MP: 18/24
 16298 | D:12     | Found Tedoeschu's Magic Scroll Shop.
 16303 | D:12     | Bought a scroll of acquirement for 676 gold pieces
 16303 | D:12     | Bought a scroll of summoning for 123 gold pieces
 16303 | D:12     | Acquired a +5 demon trident of venom
 17215 | Orc:1    | Entered Level 1 of the Orcish Mines
 17294 | Orc:1    | Found a burning altar of Makhleb.
 17371 | Orc:1    | Found a dark tunnel.
 17374 | Volcano  | Entered a volcano
 17441 | Volcano  | Gained mutation: You are frail. (-10% HP) [mutagenic glow]
 17672 | Volcano  | Noticed a centaur warrior
 17682 | Volcano  | Killed a centaur warrior
 17708 | Volcano  | Reached skill level 5 in Shields
 17729 | Volcano  | Found a burning altar of Makhleb.
 17737 | Volcano  | Got a pair of faintly humming gloves
 17809 | Volcano  | Identified the +0 pair of gloves of the Mind {rCorr Str+3}
                  | (You found it in a volcano)
 17889 | Orc:1    | Noticed an orc warlord
 17908 | Orc:1    | Killed an orc warlord
 18437 | Orc:2    | Entered Level 2 of the Orcish Mines
 18452 | Orc:2    | Reached ****** piety under Qazlal
 18515 | Orc:2    | Noticed an ettin
 18518 | Orc:2    | Noticed an orc warlord
 18518 | Orc:2    | Noticed Urug
 18519 | Orc:2    | Noticed an orc high priest
 18528 | Orc:1    | Killed an ettin
 18529 | Orc:1    | Reached XP level 13. HP: 22/97 MP: 16/26
 18880 | Orc:1    | Paralysed by an orc sorcerer for 3 turns
 19311 | Orc:1    | Killed an orc warlord
 19644 | Orc:1    | Slain by an ogre

Illustrated notes

Levels and vault maps discovered:
D:1:      sevenhm_arrival_forest_fort_large_4, layout_basic
D:2:      layout_rooms, pdpol_temple_overflow_zin_treasury_gozag_greed,
          kiku_gazebo_garden_becter, roderic_serpentine_path, st_stairs_13,
          glass_columns_c, lightli_corner_chamber
D:3:      layout_basic, minitemple, serial_undead, serial_undead_b,
          serial_undead_f, serial_undead_b, serial_undead_a, serial_undead_c,
          serial_undead_e, serial_undead_d, tgw_trog
D:4:      layout_basic, temple_green, hellmonk_ghost_happy_afterlife,
          kennysheep_okawaru_gauntlet, uniq_menkaure
D:5:      layout_loops_cross, nicolae_ossuary_entry_catacombs,
          hangedman_decor_opposing, lemuel_statue_altar
D:6:      layout_gridville, general_overflow_altar, basic_altar
D:7:      layout_basic
D:8:      layout_basic
D:9:      layout_basic, dpeg_lair_monsters
D:10:     layout_roguey, orc_0_dummy, uniq_maggie
D:11:     layout_long_grid
D:12:     layout_roguey, serial_shops, nicolae_shop_crystal, serial_ice,
          serial_ice_f, serial_ice_g, serial_ice_m, serial_ice_a, minmay_puff
D:13:     layout_basic, minmay_unpleasant_kobolds, uniq_rupert
Temple:   nicolae_temple_figure_eight
Orc:1:    layout_caves, enter_volcano_4, bloody_makhleb
Orc:2:    grunt_orc_cross, layout_caves, nooodl_orcs_dogs

Skill      XL: |  1  2  3  4  5  6  7  8  9 10 11 12 13 |
---------------+----------------------------------------+-----
Dodging        | 2 3 4 5 |  5.7
Unarmed Combat | 4 5 6 7 8 9 |  9.2
Fighting       | 2 3 4 5 6 7 8 |  8.8
Spellcasting   | 3 4 5 6 8 9 |  9.4
Transmutations | 3 4 6 7 8 9 |  9.6
Invocations    | 1 2 4 5 6 7 8 |  8.1
Shields        | 1 3 5 6 |  6.0
Earth Magic    | 1 3 5 7 8 |  8.2
Polearms       | 2 3 4 |  4.4
Stealth        | |  0.4
Evocations     | |  0.5

Action                   |  1- 3 |  4- 6 |  7- 9 | 10-12 | 13-15 || total
-------------------------+-------+-------+-------+-------+-------++-------
Melee: Unarmed           |    81 |   243 |   537 |   602 |     1 ||  1464
       Headbutt          |     9 |    18 |    42 |     6 |       ||    75
       Kick              |     6 |    21 |    87 |    12 |       ||   126
       Tailslap          |     7 |    33 |    58 |    81 |    10 ||   189
       Punch             |       |     8 |    20 |    15 |     3 ||    46
       Demon trident     |       |       |       |       |    31 ||    31
 Cast: Beastly Appendage |     8 |    21 |    39 |    10 |     1 ||    79
       Wereblood         |     2 |     6 |     7 |     4 |       ||    19
       Blade Hands       |       |       |     9 |    16 |       ||    25
       Statue Form       |       |       |       |    36 |     5 ||    41
Invok: Upheaval          |       |       |     1 |     3 |       ||     4
       Elemental Force   |       |       |       |     2 |       ||     2
       Disaster Area     |       |       |       |       |     2 ||     2
Evoke: Wand              |       |     1 |       |     2 |       ||     3
  Use: Scroll            |       |     2 |     9 |    11 |     3 ||    25
       Potion            |       |       |     1 |     3 |     2 ||     6
 Stab: Sleeping          |     1 |     2 |       |       |       ||     3
       Invisible         |       |       |       |       |     1 ||     1
Armor: Skin              |    35 |    66 |   147 |   292 |    40 ||   580
Dodge: Dodged            |    57 |   141 |   310 |   621 |    58 ||  1187
       Repelled          |       |       |       |    13 |       ||    13
Block: Other             |       |       |    49 |   197 |    25 ||   271
